cohdb
Replays
Latest Replays
All Replays
Popular Replays
Top Player Replays
Match Explorer
How It Works
Community
CoH3 Stats
Reddit
Sign in to upload your games and track your stats! →
Sign in with Steam
Match 41445951
Unlisted
Match 41445951
Overview
Messages
Build Orders
End
Panzergrenadier Squad
250 Light Carrier
Panzergrenadier Squad
Panzergrenadier Squad
Construct Light Support Kompanie
2.5-tonne Medical Truck
Fire Support Elements
Flakvierling Half-track
Pak 38 Mechanized Group
Combat Half-tracks
Panzerjäger Squad
Construct Panzerarmee Kommand
Walking Stuka Rocket Launcher
Selects Panzerjäger Kommand Battlegroup
Selects Mine Fields
Selects Defensive Positions
Selects Butterfly Bomb Drop
Butterfly Bomb Drop
Selects Tank Busters
Emergency Repair Kits
Butterfly Bomb Drop
Armored Reserves
Vehicle Survival Package
zaro
Fire
Mythless
Mustache and Melons
Ashbay
Layght
Dlindau
Mesry
0
0
Comments
sign in to comment!
No comments posted yet!